 Dungeon Crawl Stone Soup version 0.25.1-2-g60ff931df9 (webtiles) character file.

Game seed: 8285303220937943059

1165 Erymatos the Cleaver (level 8, 0/106 HPs)
             Began as a Minotaur Berserker on Nov 10, 2020.
             Was a Priest of Trog.
             Slain by a shadow imp (2 damage)
             ... on level 6 of the Dungeon.
             The game lasted 00:05:07 (5426 turns).

Erymatos the Cleaver (Minotaur Berserker)           Turns: 5426, Time: 00:05:08

Health: 0/106      AC:  2    Str: 23    XL:     8   Next: 17%
Magic:  7/7        EV: 14    Int:  4    God:    Trog [***...]
Gold:   242        SH:  0    Dex: 11    Spells: 7/7 levels left

rFire    . . .     SeeInvis .   y - +8 scythe of Makhleb's Vengeance {vorpal, Stlth+}
rCold    . . .     Gourm    .   (shield currently unavailable)
rNeg     . . .     Faith    .   b - +0 animal skin
rPois    .         Spirit   .   (helmet restricted)
rElec    .         Reflect  .   g - scarf {+Inv}
rCorr    .         Harm     .   (no gloves)
MR       .....                  (no boots)
Stlth    ..........             (no amulet)
HPRegen  0.27/turn              (no ring)
MPRegen  0.10/turn              (no ring)

@: berserking, lightly drained, very quick
A: retaliatory headbutt, horns 2
a: Berserk, Trog's Hand, Renounce Religion, Evoke Invisibility


You were on level 6 of the Dungeon.
You worshipped Trog.
Trog was most pleased with you.
You were hungry.

You visited 1 branch of the dungeon, and saw 6 of its levels.

You collected 242 gold pieces.

Inventory:

Hand Weapons
 a - a +0 hand axe
 t - a +0 war axe
 y - the +8 scythe of Makhleb's Vengeance (weapon) {vorpal, Stlth+}
   (You found it on level 6 of the Dungeon)

   It inflicts extra damage upon your enemies.
   It makes you more stealthy.
Armour
 b - a +0 animal skin (worn)
 g - a scarf of invisibility (worn)
Jewellery
 w - an uncursed amulet of regeneration {unknown}
 x - an uncursed ring of fire {unknown}
Wands
 v - a wand of flame (15)
Scrolls
 d - 5 scrolls of identify {unknown}
 e - 5 scrolls of remove curse {unknown}
 j - 3 scrolls of amnesia {unknown}
 l - 2 scrolls of blinking {unknown}
 m - 4 scrolls of immolation {unknown}
 r - 2 scrolls of magic mapping {unknown}
 s - a scroll of fear {unknown}
 u - 3 scrolls of teleportation {unknown}
 B - a scroll of holy word {unknown}
Potions
 f - 8 potions of curing {unknown}
 h - 4 potions of degeneration {unknown}
 i - a potion of invisibility {unknown}
 k - 2 potions of heal wounds {unknown}
 n - a potion of mutation {unknown}
 o - a potion of flight {unknown}
 p - a potion of brilliance {unknown}
 z - a potion of berserk rage {unknown}
 A - a potion of haste {unknown}
Comestibles
 c - 10 rations
 q - 8 chunks of flesh


   Skills:
 + Level 6.6(6.2) Fighting
 + Level 9.3(8.9) Axes
 + Level 0.8(5.5) Polearms
 + Level 2.5(2.2) Armour
 + Level 5.3(4.9) Dodging
 - Level 0.4(0.1) Stealth


You had 7 spell levels left.
You didn't know any spells.
Your spell library was empty.

Dungeon Overview and Level Annotations

Branches:
Dungeon (6/15)             Temple (0/1) D:5

Altars:
Dithmenos
Elyvilon
Gozag
Makhleb
Trog
Uskayaw

Shops:
D:6 *

Annotations:
D:6 Eustachio


Innate Abilities, Weirdness & Mutations

You reflexively headbutt those who attack you in melee.
You have a pair of horns on your head.


Message History

You barely miss Eustachio. Eustachio misses you. You furiously retaliate!
You headbutt Eustachio!!
The orc wizard hits you with a +0 dagger.
* * * LOW HITPOINT WARNING * * *
The wight barely misses you. The shadow imp misses you.
The wight hits you with a +2 battleaxe of freezing!
* * * LOW HITPOINT WARNING * * *
You feel drained.
* * * LOW HITPOINT WARNING * * *
The wight freezes you.
* * * LOW HITPOINT WARNING * * *
The wight hits you with a +0 falchion.
* * * LOW HITPOINT WARNING * * *
You barely miss Eustachio.
Eustachio is heavily wounded.
Eustachio mumbles some strange words.
The orc wizard completely misses you. The orc hits you with a +0 hand axe.
* * * LOW HITPOINT WARNING * * *
The wight closely misses you. The shadow imp hits you.
You die...

#......#......#######.
#......#......#...... ..
#....>.#......#....# ...
#......#)...(.#....##...
##.....#....<.#.........
##.....#......#.........
#......#......'.oZ.5...
#......#......#zzz.###
#<รท....#......#o@@h#
#......#......#.o5o5....
#......#......#..5......
#......#......#...%.....
##.....#......#.........
##.....#......#.........
#......#......#.........
#......#......#.........
#......'......#'######


You could see Eustachio, a howler monkey (summoned), 3 wights, 2 orc wizards, a
quasit (summoned), a white imp (summoned), 2 shadow imps, 2 orcs and a hound
zombie (summoned).

Vanquished Creatures
  Grinder (D:5)
  Menkaure (D:5)
  A sky beast (D:5)
  A phantom (D:5)
  An ogre (D:6)
  A centaur (D:5)
  2 bullfrogs (D:6)
  3 orc wizards
  A centaur skeleton (D:4)
  2 hounds
  A jelly (D:5)
  2 worker ants
  7 adders
  2 worms
  A dart slug (D:4)
  6 leopard geckos
  6 orcs
  4 giant cockroaches
  5 goblins
  3 hobgoblins
  6 jackals
  6 kobolds
  3 quokkas
  2 ball pythons
  6 bats
  5 frilled lizards
  A leopard gecko skeleton (D:6)
  6 rats
86 creatures vanquished.

Notes
Turn   | Place    | Note
-------+----------+-------------------------------------------
     0 | D:1      | Erymatos the Minotaur Berserker began the quest for the
                  | Orb.
     0 | D:1      | Reached XP level 1. HP: 19/19 MP: 0/0
     2 | D:1      | Noticed a centaur
     2 | D:1      | Noticed a minotaur
     4 | D:1      | Noticed a vampire
     4 | D:1      | Noticed a formicid
     6 | D:1      | Noticed a tengu
     8 | D:1      | Noticed a gargoyle
     8 | D:1      | Noticed a demigod
    10 | D:1      | Noticed an octopode
    12 | D:1      | Noticed a demonspawn
    12 | D:1      | Noticed an ogre
    14 | D:1      | Noticed a naga
    14 | D:1      | Noticed an elf
    16 | D:1      | Noticed a halfling
    16 | D:1      | Noticed a human
    18 | D:1      | Noticed a ghoul
    18 | D:1      | Noticed a draconian
    20 | D:1      | Noticed a troll
    20 | D:1      | Noticed a dwarf
    22 | D:1      | Noticed a merfolk
    24 | D:1      | Noticed a spriggan
    26 | D:1      | Noticed a vine stalker
    26 | D:1      | Noticed a felid
    62 | D:1      | Reached skill level 4 in Axes
    63 | D:1      | Reached XP level 2. HP: 19/27 MP: 1/1
   823 | D:2      | Found an opulent altar of Gozag.
   978 | D:2      | Reached XP level 3. HP: 26/33 MP: 2/2
  1468 | D:2      | Reached ** piety under Trog
  1808 | D:2      | Found a bloodstained altar of Trog.
  1809 | D:2      | Found a white marble altar of Elyvilon.
  2325 | D:3      | Reached XP level 4. HP: 41/41 MP: 3/3
  2338 | D:3      | Found a burning altar of Makhleb.
  3233 | D:4      | Reached skill level 5 in Axes
  3387 | D:4      | Reached XP level 5. HP: 44/47 MP: 4/4
  3542 | D:4      | Reached skill level 5 in Fighting
  3579 | D:5      | Entered Level 5 of the Dungeon
  3582 | D:5      | Reached skill level 6 in Axes
  3586 | D:5      | Noticed a phantom
  3593 | D:5      | Killed a phantom
  3593 | D:5      | Reached XP level 6. HP: 56/56 MP: 5/5
  4337 | D:5      | Found a staircase to the Ecumenical Temple.
  4400 | D:5      | Reached skill level 7 in Axes
  4500 | D:5      | Noticed a sky beast
  4508 | D:5      | Killed a sky beast
  4508 | D:5      | Reached XP level 7. HP: 50/62 MP: 6/6
  4564 | D:5      | Noticed Grinder
  4588 | D:5      | Killed Grinder
  4588 | D:5      | Reached skill level 8 in Axes
  4929 | D:5      | Noticed Menkaure
  4935 | D:5      | Killed Menkaure
  4935 | D:5      | Reached skill level 5 in Dodging
  4975 | D:5      | Found a shadowy altar of Dithmenos.
  5199 | D:6      | Reached *** piety under Trog
  5267 | D:6      | Found Nollukab's Assorted Antiques.
  5282 | D:6      | Got a warped scythe
  5283 | D:6      | Identified the +8 scythe of Makhleb's Vengeance {vorpal,
                  | Stlth+} (You found it on level 6 of the Dungeon)
  5359 | D:6      | Found a hide-covered altar of Uskayaw.
  5384 | D:6      | Reached XP level 8. HP: 71/71 MP: 7/7
  5387 | D:6      | Reached skill level 9 in Axes
  5416 | D:6      | Noticed Eustachio
  5425 | D:6      | HP: 4/106 [wight/+0 falchion (6)]
  5426 | D:6      | Slain by a shadow imp

Illustrated notes

Levels and vault maps discovered:
D:1:      kb_arrival_jail, layout_basic
D:2:      layout_loops_ring, nicolae_gozag_seed_capital,
          gammafunk_temple_overflow_pools
D:3:      layout_basic, lightli_temple_of_fire, first_ration
D:4:      minmay_wonky_spiral, layout_loops_ring
D:5:      layout_gridville, lemuel_coloured_pillars_altar,
          minmay_temple_entry_mist, chequers_serial_rivers_room_b, uniq_grinder,
          uniq_menkaure
D:6:      layout_gridville, nicolae_overflow_crystal_walls, zin_angel,
          serial_shops, shop, uniq_eustachio

Skill      XL: |  1  2  3  4  5  6  7  8 |
---------------+-------------------------+-----
Axes           | 4 5 6 7 8 9 |  9.3
Fighting       | 4 5 6 |  6.6
Dodging        | 3 4 5 |  5.3
Polearms       | |  0.8
Armour         | |  2.5
Stealth        | |  0.4

Action                   |  1- 3 |  4- 6 |  7- 9 || total
-------------------------+-------+-------+-------++-------
Melee: Hand axe          |    78 |    32 |       ||   110
       Headbutt          |    14 |    15 |     7 ||    36
       War axe           |       |    34 |    29 ||    63
       Scythe            |       |       |    12 ||    12
Invok: Berserk           |       |     2 |     3 ||     5
       Trog's Hand       |       |       |     1 ||     1
 Stab: Sleeping          |     1 |     1 |     1 ||     3
  Eat: Chunk             |     4 |     9 |     5 ||    18
Armor: Animal skin       |    10 |    10 |     2 ||    22
Dodge: Dodged            |    48 |    38 |    25 ||   111
